 Dungeon Crawl Stone Soup version 0.20-a0-1062-g7b787ac (webtiles) character file.

73 Alarkh the Skirmisher (level 4, 35/35 HPs)
             Began as a Demonspawn Fighter on Apr 27, 2017.
             Quit the game on level 2 of the Dungeon.
             The game lasted 00:01:35 (2167 turns).

Alarkh the Skirmisher (Demonspawn Fighter)          Turns: 2167, Time: 00:01:36

Health: 35/35      AC:  6    Str: 16    XL:     4   Next: 8%
Magic:  4/4        EV:  7    Int: 11    God:
Gold:   122        SH:  9    Dex: 15    Spells: 3/3 levels left

rFire    . . .     SeeInvis .   a - +0 long sword
rCold    . . .     Gourm    .   c - +0 shield
rNeg     . . .     Faith    .   b - +0 scale mail
rPois    .         Spirit   .   (no helmet)
rElec    .         Reflect  .   (no cloak)
rCorr    .         Harm     +   (no gloves)
MR       .....                  (no boots)
Stlth    ..........             o - amulet of harm
Regen    0.2/turn               e - +3 ring of dexterity
MPRegen  0.1/turn               (no ring)

@: no status effects
A: demonic guardian 1, powered by pain 1
a: no special abilities


You were on level 2 of the Dungeon.
You were not hungry.

You visited 1 branch of the dungeon, and saw 2 of its levels.

You collected 122 gold pieces.

Inventory:

Hand Weapons
 a - a +0 long sword (weapon)
Armour
 b - a +0 scale mail (worn)
 c - a +0 shield (worn)
Jewellery
 e - a +3 ring of dexterity (left hand)
 o - an amulet of harm (around neck)
Scrolls
 g - a scroll of identify {unknown}
 j - a scroll of amnesia {unknown}
 k - 2 scrolls of teleportation {unknown}
 l - a scroll of remove curse {unknown}
 m - a scroll of enchant armour {unknown}
 p - a scroll of immolation {unknown}
Potions
 d - a potion of might
 n - a potion of heal wounds {unknown}
Comestibles
 f - 3 bread rations
 h - 2 meat rations
 i - 3 fruits


   Skills:
 + Level 3.5 Fighting
 * Level 2.5 Long Blades
 + Level 2.9 Armour
 + Level 1.4 Dodging
 + Level 3.0 Shields


You had 3 spell levels left.
You didn't know any spells.

Dungeon Overview and Level Annotations

Branches:
Dungeon (2/15)

Altars:

Annotations:
D:2 1 runed door


Innate Abilities, Weirdness & Mutations

A weak demonic guardian rushes to your aid.
You sometimes gain a little power by taking damage.


Message History

You feel sick.
You feel sick.
You feel sick.
You feel sick.
You feel sick.
You feel sick.
You feel sick.
You feel sick.
You feel sick.
You feel sick.
You are no longer poisoned.
Some of the chunks of flesh in your inventory have rotted away.
Eating one of 3 chunks of flesh.
You eat one of the 3 chunks of flesh.
This raw flesh tastes terrible.
All of the chunks of flesh in your inventory have rotted away.
Key pressed, stopping explore.
g - a scroll labeled WATWELI FEUDAG An adder comes into view.
An adder is nearby!
Are you sure you want to abandon this character and quit the game? (Confirm with "yes".)

# .# #S .#
#. #.# ..
..# .##..
... #.# ....
#@# .≈≈. #.#
≈≈### #.#
≈≈≈≈## #.#
≈≈≈≈≈ #.#
≈≈≈≈ #.#
.###### #.#
......#####
#.#
####......#
#.##########


You could see an adder (wandering).

Vanquished Creatures
  2 adders (D:2)
  A worm (D:2)
  5 dart slugs
  A leopard gecko (D:2)
  A ball python (D:2)
  7 bats
  A giant cockroach (D:2)
  4 goblins
  7 hobgoblins
  4 kobolds (D:1)
  3 frilled lizards
  5 rats
41 creatures vanquished.

Notes
Turn   | Place    | Note
-------+----------+-------------------------------------------
     0 | D:1      | Alarkh the Demonspawn Fighter began the quest for the Orb.
     0 | D:1      | Reached XP level 1. HP: 18/18 MP: 1/1
   275 | D:1      | Reached skill level 1 in Dodging
   275 | D:1      | Gained mutation: You sometimes gain a little power by taking damage. [demonic ancestry]
   275 | D:1      | Reached XP level 2. HP: 22/24 MP: 2/2
  1098 | D:2      | Reached XP level 3. HP: 27/29 MP: 3/3
  1557 | D:2      | Found a runed door.
  1872 | D:2      | Gained mutation: A weak demonic guardian rushes to your aid. [demonic ancestry]
  1872 | D:2      | Reached XP level 4. HP: 19/35 MP: 4/4
  2167 | D:2      | Quit the game

Vault maps used:
D:1:      dpeg_arrival_houses_and_road
D:2:      first_bread, chequers_big_river, uniq_crazy_yiuf_cottage

Skill      XL: |  1  2  3 |
---------------+----------+-----
Dodging        | 1 |  1.4
Long Blades    | 2 |  2.5
Shields        | 3 |  3.0
Fighting       | |  3.5
Armour         | |  2.9

Action                   |  1- 3 |  4- 6 || total
-------------------------+-------+-------++-------
Melee: Long sword        |   117 |       ||   117
  Eat: Chunk             |     3 |     1 ||     4
Armor: Scale mail        |    55 |       ||    55
Dodge: Dodged            |    44 |       ||    44
Block: Shield            |    56 |       ||    56
       Rpst.: Long sword |    12 |       ||    12
